 Dungeon Crawl Stone Soup version 0.28-a0-1190-g77e1c55843 (webtiles) character file.

Game seed: 870014168379286386

4553 r3xj the Bludgeoner (level 10, -3/78 HPs)
             Began as a Minotaur Berserker on Dec 6, 2021.
             Was a Priest of Trog.
             Slain by a wight (10 damage)
             ... on level 8 of the Dungeon on Dec 19, 2021.
             The game lasted 00:19:26 (7963 turns).

r3xj the Bludgeoner (Minotaur Berserker)            Turns: 7963, Time: 00:19:26

Health: -3/78      AC:  8    Str: 25    XL:     10   Next: 17%
Magic:  9/9        EV: 11    Int:  4    God:    Trog [***...]
Gold:   0          SH:  0    Dex: 11    Spells: 9/9 levels left

rFire   + . .      SeeInvis .   q - +2 whip (elec)
rCold   . . .      Faith    .   (no shield)
rNeg    . . .      Spirit   .   b - +0 ring mail
rPois   .          Reflect  .   l - +2 hat
rElec   .          Harm     .   O - scarf {repulsion}
rCorr   .          Rampage  .   (no gloves)
Will    .....                   w - +0 pair of boots
Stlth   +.........              (no amulet)
HPRegen 0.23/turn               F - ring of protection from fire
MPRegen 0.11/turn               (no ring)

@: mesmerised, repel missiles
A: horns 2, retaliatory headbutt
a: Renounce Religion, Berserk, Trog's Hand


You were on level 8 of the Dungeon.
You worshipped Trog.
Trog was most pleased with you.
You visited 1 branch of the dungeon, and saw 8 of its levels.

Inventory:

Hand Weapons
 a - a +0 mace
 q - a +2 whip of electrocution (weapon)
 u - a +0 trident of venom
 v - the +11 spear of Feboza {drain, Str+5 Int+2}
   (You found it on level 5 of the Dungeon)

   A truly terrible weapon, it drains the life of any living foe it strikes.
   Str:       It affects your strength (+5).
   Int:       It affects your intelligence (+2).
 D - a +3 morningstar
 L - a +4 quarterstaff of chaos
 M - a +2 mace of draining
Missiles
 p - 34 poisoned darts (quivered)
 I - 2 throwing nets
Armour
 b - a +0 ring mail (worn)
 i - a +0 cloak
 l - a +2 hat (worn)
 m - a +0 chain mail
 t - a scarf of shadows
 w - a +0 pair of boots (worn)
 O - a scarf of repulsion (worn)
Jewellery
 F - a ring of protection from fire (left hand)
Wands
 r - a wand of digging (1)
 y - a wand of iceblast (6)
Scrolls
 c - a scroll of fog {unknown}
 d - 2 scrolls of noise {unknown}
 e - 2 scrolls of immolation {unknown}
 f - a scroll of holy word {unknown}
 h - a scroll of enchant weapon {unknown}
 k - 3 scrolls of identify {unknown}
 s - a scroll of summoning {unknown}
 B - a scroll of fear {unknown}
 K - a scroll of amnesia {unknown}
 N - a scroll of teleportation {unknown}
Potions
 g - 5 potions of curing
 j - 2 potions of mutation {unknown}
 n - 2 potions of resistance {unknown}
 o - 2 potions of might {unknown}
 x - a potion of degeneration {unknown}
 z - a potion of attraction {unknown}
 A - a potion of cancellation {unknown}
 C - a potion of invisibility {unknown}
 E - a potion of flight {unknown}
 G - a potion of heal wounds {unknown}
 H - a potion of haste {unknown}


   Skills:
 + Level 3.9 Fighting
 + Level 17.4 Maces & Flails
 + Level 2.9 Armour
 + Level 2.5 Dodging


You had 9 spell levels left.
You didn't know any spells.
Your spell library was empty.

Dungeon Overview and Level Annotations

Branches:
Dungeon (8/15)             Temple (0/1) D:4
   Lair: D:8-11

Altars:
Ashenzari
Hepliaklqana
Okawaru
Ru
Uskayaw
Vehumet
Wu Jian

Shops:
D:4 [   D:5 *

Annotations:
D:8 exclusion: statue, Maggie, Maurice


Innate Abilities, Weirdness & Mutations

You have a pair of horns on your head.
You reflexively headbutt those who attack you in melee.


Message History

You are mesmerised by Maggie!
You cannot move away from Maggie!
The wight barely misses you.
You hear some strange, mumbled words.
You cannot move away from Maggie!
The wight hits you with a +1 trident.
You feel drained. Something hits you.
Something groans, "What are you, a monk?"
Things that are here:
a +0 flail; a gnoll corpse
Okay, then.
You closely miss the wight. Your headbutt misses the wight.
The wight hits you with a +1 trident!
* * * LOW HITPOINT WARNING * * *
You hit the wight.
The wight is moderately damaged.
A kobold comes into view. It is wielding a +0 dagger.
Something hits you but does no damage.
You whack the wight!
The wight is severely damaged.
Maggie hits you but does no damage. The wight closely misses you.
You barely miss the wight.
You headbutt the wight, but do no damage.
The wight is severely damaged.
Something hits you.
* * * LOW HITPOINT WARNING * * *
Something grunts, "Curses!"
You hit the wight. Lightning courses through the wight!
You destroy the wight!
Trog accepts your kill.
Maggie hits you with a +0 morningstar of flaming!
* * * LOW HITPOINT WARNING * * *
Maggie burns you.
* * * LOW HITPOINT WARNING * * *
Your life force feels restored.
Okay, then.
It was a potion of curing.
You feel better. Something hits you.
* * * LOW HITPOINT WARNING * * *
Something grunts, "Curses!"
The wight hits you with a +4 flail!
You die...

................#...###..........
...#.....(...##......#...........
........###....##...............#
.........#.....#....###..........
.....#....# #......#####.........
....####.######.)).....##........
..#####..# #...))##....#(........
...##.#..##..###).###.........$..
......[.##...###@.(#.#..........
.....##.#...###@z{..K.....?....
......$##..###z$...<##....
####......###..#.#.## ..
...#....@......#.###
.....##.#......#.#
...#...###.####..# ####.z.#####
.## .....#..# #..


You could see Maggie (mesmerising), 2 wights and a kobold.

Vanquished Creatures
  Harold (D:7)
  Pikel (D:4)
  Joseph (D:7)
  Duvessa (D:5)
  6 sky beasts
  An ice beast (D:6)
  3 necrophages
  An ogre (D:7)
  A centaur (D:5)
  2 phantoms (D:5)
  2 kobold brigands
  3 gnoll sergeants
  3 scorpions
  A bullfrog (D:6)
  A wyvern zombie (D:7)
  A water moccasin zombie (D:6)
  A wyvern skeleton (D:6)
  3 killer bees (D:7)
  Dowan (D:5)
  5 wights
  A bullfrog zombie (D:6)
  2 centaur zombies
  3 hounds
  An orc priest (D:4)
  2 centaur skeletons
  2 jellies
  Crazy Yiuf (D:7)
  Ijyb (D:4)
  4 iguanas
  2 orc wizards (D:4)
  2 howler monkey skeletons
  4 adders
  12 gnolls
  A shadow imp (D:7)
  2 white imps
  An ufetubus (D:7)
  2 dart slugs
  9 orcs
  An endoplasm (D:1)
  3 giant cockroaches
  5 goblins
  A hobgoblin (D:4)
  3 jackals (D:1)
  5 quokkas
  3 ball pythons
  9 bats
  4 frilled lizards
  16 kobolds
  4 rats
145 creatures vanquished.

Notes
Turn   | Place    | Note
-------+----------+-------------------------------------------
     0 | D:1      | r3xj the Minotaur Berserker began the quest for the Orb.
     0 | D:1      | Reached XP level 1. HP: 19/19 MP: 0/0
    54 | D:1      | Reached skill level 4 in Maces & Flails
    66 | D:1      | Reached XP level 2. HP: 19/26 MP: 1/1
  1081 | D:2      | Reached skill level 5 in Maces & Flails
  1081 | D:2      | Reached XP level 3. HP: 19/31 MP: 2/2
  1549 | D:2      | Found a faded altar of an unknown god.
  2218 | D:3      | Found an iron altar of Okawaru.
  2224 | D:3      | Reached ** piety under Trog
  2566 | D:4      | Noticed Pikel
  2566 | D:4      | Noticed a lemure
  2566 | D:4      | Noticed a lemure
  2566 | D:4      | Noticed a lemure
  2566 | D:4      | Noticed a lemure
  2574 | D:4      | Killed Pikel
  2575 | D:4      | Reached skill level 9 in Maces & Flails
  2575 | D:4      | Reached XP level 4. HP: 39/39 MP: 3/3
  2575 | D:4      | Reached XP level 5. HP: 45/45 MP: 4/4
  2575 | D:4      | Reached XP level 6. HP: 51/51 MP: 5/5
  2625 | D:4      | Found Bugoemut's Armour Shoppe.
  2628 | D:4      | Noticed Ijyb
  2633 | D:4      | Killed Ijyb
  2691 | D:4      | Found a broken altar of Ashenzari.
  2691 | D:4      | Found a sacrificial altar of Ru.
  2696 | D:4      | Found an ornate altar of the Wu Jian Council.
  2733 | D:4      | Reached XP level 7. HP: 54/57 MP: 6/6
  2957 | D:4      | Reached skill level 10 in Maces & Flails
  3105 | D:4      | Found a staircase to the Ecumenical Temple.
  3432 | D:5      | Entered Level 5 of the Dungeon
  3432 | D:5      | Found Iganid's Neck Hole.
  3452 | D:5      | Reached skill level 11 in Maces & Flails
  3628 | D:5      | Reached XP level 8. HP: 56/64 MP: 7/7
  3702 | D:5      | Reached skill level 12 in Maces & Flails
  3783 | D:5      | Noticed Dowan
  3784 | D:5      | Noticed Duvessa
  3792 | D:5      | Killed Duvessa
  3795 | D:5      | Killed Dowan
  3924 | D:5      | Identified the +11 spear of Feboza {drain, Str+5 Int+2}
  4304 | D:5      | Reached skill level 13 in Maces & Flails
  5072 | D:6      | Reached skill level 14 in Maces & Flails
  5097 | D:6      | Reached XP level 9. HP: 69/70 MP: 8/8
  5254 | D:6      | Reached *** piety under Trog
  5551 | D:6      | Reached skill level 15 in Maces & Flails
  6158 | D:7      | Found a runed translucent door.
  6159 | D:7      | Noticed Crazy Yiuf
  6183 | D:7      | Noticed Joseph
  6193 | D:7      | Killed Joseph
  6253 | D:7      | Reached skill level 16 in Maces & Flails
  6585 | D:7      | Noticed Harold
  6600 | D:7      | Killed Harold
  6601 | D:7      | Reached skill level 17 in Maces & Flails
  6601 | D:7      | Reached XP level 10. HP: 77/77 MP: 9/9
  7320 | D:7      | Found a hazy altar of Hepliaklqana.
  7354 | D:7      | Found a hide-covered altar of Uskayaw.
  7518 | D:7      | Killed Crazy Yiuf
  7737 | D:7      | Upgraded the game from 0.28-a0-1002-gf00fe891ef to
                  | 0.28-a0-1190-g77e1c55843
  7923 | D:8      | Found a radiant altar of Vehumet.
  7932 | D:8      | Noticed Maggie
  7946 | D:8      | Noticed Maurice
  7963 | D:8      | Slain by a wight

Illustrated notes

Levels and vault maps discovered:
D:1:      roderic_chinese_lattice_arrival, layout_basic,
          minmay_misc_feat_nine_boxes
D:2:      layout_basic, dreamdust_ecumenical_altar_grove, minmay_tromino_v4_c
D:3:      layout_rooms, mainiacjoe_overflow_brackets
D:4:      layout_gridville, minitemple, minmay_temple_entry_waves, serial_shops,
          shop, uniq_pikel, uniq_ijyb
D:5:      layout_basic, nicolae_shop_sticking_my_neck_out, uniq_duvessa
D:6:      minmay_inner_zag, layout_basic
D:7:      layout_loops_ring, worldfamousw_hep_ancestral_shrine,
          lemuel_tele_altar, uniq_crazy_yiuf_cottage, uniq_joseph, uniq_harold
D:8:      layout_cave_pools, vehumet_statue, gup_ossuary_entry_pyramid,
          uniq_maurice, uniq_maggie

Skill      XL: |  1  2  3  4  5  6  7  8  9 |
---------------+----------------------------+-----
Maces & Flails | 4 5 9 11 14 17 | 17.4
Fighting       | |  3.9
Armour         | |  2.9
Dodging        | |  2.5

Action                   |  1- 3 |  4- 6 |  7- 9 | 10-12 || total
-------------------------+-------+-------+-------+-------++-------
Melee: Mace              |    72 |       |       |       ||    72
       Headbutt          |    10 |     1 |    56 |    16 ||    83
       Whip              |       |    10 |   265 |    91 ||   366
Throw: Dart              |       |       |     4 |       ||     4
Invok: Berserk           |     1 |       |     3 |     1 ||     5
  Use: Potion            |       |       |       |     1 ||     1
Armor: Animal skin       |    13 |       |       |       ||    13
       Ring mail         |     9 |     1 |    63 |    20 ||    93
Dodge: Dodged            |    40 |     1 |    63 |    29 ||   133

Table legend: (Time is in decaauts)
 A = Elapsed time spent in this place.
 B = Non-inter-level travel time spent in this place.
 C = Inter-level travel time spent in this place.
 D = Time resting spent in this place.
 E = Time spent auto-exploring this place.
 F = Levels seen in this place.
 G = Mean time per level.
                   A        B        C        D        E       F      G
               +--------+--------+--------+--------+--------+-----+--------+
         Total |   7852 |   7150 |    702 |    549 |   5667 |   8 |  981.5 |
       Dungeon |   7852 |   7150 |    702 |    549 |   5667 |   8 |  981.5 |
               +--------+--------+--------+--------+--------+-----+--------+

Top non-repeatable levels by time:
     D:7: 1653 daAuts
     D:5: 1420 daAuts
     D:6: 1207 daAuts
     D:2: 1143 daAuts
     D:1: 1009 daAuts
     D:4: 875 daAuts
     D:3: 411 daAuts
     D:8: 132 daAuts
